 Dungeon Crawl Stone Soup version 0.21-a0-591-g2314aa1 (webtiles) character file.

653 mopl the Summoner (level 7, -3/69 HPs)
             Began as a Barachi Summoner on Dec 22, 2017.
             Slain by a mummy (9 damage)
             ... in an ossuary.
             The game lasted 00:11:42 (4041 turns).

mopl the Summoner (Barachi Summoner)                Turns: 4041, Time: 00:11:42

Health: -3/69      AC: 23    Str:  8 (9)  XL:     7   Next: 54%
Magic:  0/14       EV:  2    Int: 17 (18) God:
Gold:   208        SH:  0    Dex: 14 (16) Spells: 2/15 levels left

rFire    . . .     SeeInvis .   w - +0 spear
rCold    . . .     Gourm    .   (no shield)
rNeg     + + +     Faith    .   (armour currently unavailable)
rPois    +         Spirit   .   (helmet currently unavailable)
rElec    .         Reflect  .   (cloak currently unavailable)
rCorr    .         Harm     .   (gloves currently unavailable)
MR       .....     NoTele   +   (boots currently unavailable)
Stlth    +.........             (no amulet)
HPRegen  0.21/turn              k - +4 ring of dexterity
MPRegen  0.14/turn              r - ring of loudness (curse)

@: tree-form (expiring), berserk cooldown, very slightly contaminated, hasted
and slowed, invisible
A: +LOS, swims, MP-powered wands
a: no special abilities


You were in an ossuary.
You were very hungry.
You were a tree.
You visited 1 branch of the dungeon, and saw 5 of its levels.
You also visited: Ossuary.

You collected 208 gold pieces.

Inventory:

Hand Weapons
 w - a +0 spear (weapon)
 E - a +0 trident
Missiles
 d - 5 poisoned needles
Armour
 a - a +0 robe
 f - a +0 pair of gloves (melded)
 q - a +0 shield
 x - a +0 pair of boots (melded)
 G - the +2 leather armour of Bopaf (melded) {rPois Dex+6}
   (You found it on level 4 of the Dungeon)

   It affects your dexterity (+6).
   It protects you from poison.
Jewellery
 k - a +4 ring of dexterity (left branch)
 n - an uncursed ring of flight
 r - a cursed ring of loudness (right branch)
Wands
 B - a wand of digging (7)
 D - a wand of enslavement (20)
 H - a wand of disintegration (16)
Scrolls
 g - 2 scrolls of remove curse {unknown}
 j - a scroll of enchant armour {unknown}
 l - 2 scrolls of magic mapping {unknown}
 o - 4 scrolls of identify {unknown}
 p - 3 scrolls of fog {unknown}
 s - 2 scrolls of random uselessness {unknown}
 y - 2 scrolls of enchant weapon {unknown}
 F - a scroll of fear {unknown}
Potions
 e - a potion of curing
 i - a potion of lignification {!q}
Books
 b - a book of Callings

   Spells                             Type                      Level
   a - Summon Small Mammal            Summoning                    1
   b - Call Imp                       Summoning                    2
   c - Call Canine Familiar           Summoning                    3
   d - Summon Guardian Golem          Hexes/Summoning              3
   e - Summon Lightning Spire         Summoning/Air                4
   f - Summon Ice Beast               Ice/Summoning                4
 z - a book of Changes

   Spells                             Type                      Level
   a - Beastly Appendage              Transmutation                1
   b - Sticks to Snakes               Transmutation                2
   c - Spider Form                    Transmutation/Poison         3
   d - Ice Form                       Ice/Transmutation            4
   e - Blade Hands                    Transmutation                5
Comestibles
 c - 8 rations


   Skills:
 - Level 2.1 Dodging
 - Level 1.7 Stealth
 + Level 4.8 Spellcasting
 * Level 9.0 Summonings
 + Level 2.0 Ice Magic


You had 2 spell levels left.
You knew the following spells:

 Your Spells              Type           Power        Failure   Level  Hunger
a - Summon Small Mammal   Summ           ####         1%          1    None
b - Call Imp              Summ           ####....     1%          2    #......
c - Call Canine Familiar  Summ           ####....     1%          3    ###....
d - Summon Ice Beast      Ice/Summ       ###.....     14%         4    ####...
g - Summon Guardian Gole  Hex/Summ       ###.....     7%          3    ###....


Dungeon Overview and Level Annotations

Branches:
Dungeon (5/15)
 Temple: D:4-7

Altars:
Dithmenos
Gozag
Hepliaklqana
Ru
Vehumet
Yredelemnul


Innate Abilities, Weirdness & Mutations

Shadows flee at your approach. (+LOS)
You can swim through water.
((You cover ground slowly.))
((You can hop short distances.))
((You are partially covered in icy blue scales. (AC +2)))
((You are mostly covered in thin metallic scales. (AC +3)))
You expend magic power (3 MP) to strengthen your wands.


Message History

The mummy is lightly damaged.
The mummy hits you!
* * * LOW HITPOINT WARNING * * *
Unknown command.
You barely miss the mummy.
The mummy is lightly damaged.
Your transformation is almost over.
The elf zombie hits you but does no damage.
The mummy hits you but does no damage.
Unknown command.
You cannot move.
Casting: Summon Ice Beast
Confirm with . or Enter, or press ? or * to list all spells.
You miscast Summon Ice Beast.
Nothing appears to happen.
You catch the helpless elf zombie completely off-guard!
You hit the elf zombie.
The elf zombie is severely damaged.
The elf zombie hits you but does no damage.
The mummy hits you!
You die...

#...............# .
#...............##..
....................
....................
....................
...................#
........∩..........#
........∩.Z........#
.........M♣.........
....................
#...............##..
#...............# .
..................
...................
......#####........
.... ........ ...
........


You could see a mummy and an elf zombie.

Vanquished Creatures
  An elf zombie (Ossuary)
  A howler monkey (D:4)
  A hound (D:4)
  An orc wizard (D:4)
  A worker ant (D:4)
  3 mummies (Ossuary)
  An adder (D:3)
  An adder skeleton (D:4)
  2 orcs
  A ball python (D:4)
  2 goblins (D:3)
  A hobgoblin (D:3)
  A ball python skeleton (D:4)
  2 bats (D:3)
  2 hobgoblin zombies (Ossuary)
  A kobold (D:3)
  3 rats
25 creatures vanquished.

Vanquished Creatures (collateral kills)
  The ghost of Protee the Grave Robber, an amateur DDNe (D:4)
  2 centaurs
  A scorpion (D:4)
  3 quasits (D:4)
  An orc priest (D:4)
  A human zombie (Ossuary)
  An orc wizard (D:4)
  2 worker ants (D:4)
  A hound zombie (Ossuary)
  A gnoll (D:1)
  5 adders
  A shadow imp (D:4)
  An adder zombie (Ossuary)
  4 worms
  2 dart slugs
  4 leopard geckos
  7 orcs
  5 giant cockroaches
  5 goblins
  4 hobgoblins (D:1)
  2 jackals (D:2)
  3 quokkas (D:4)
  A ball python (D:1)
  8 bats
  5 frilled lizards
  A jackal skeleton (D:4)
  A jackal zombie (Ossuary)
  12 kobolds
  A kobold zombie (Ossuary)
  4 rats
  A spectral orc (D:3)
91 creatures vanquished.

Vanquished Creatures (others)
  A centaur (D:5)
  An elf zombie (Ossuary)
  A human zombie (Ossuary)
  An orc wizard (D:5)
  A big kobold zombie (Ossuary)
  An orc (D:3)
  A giant cockroach (D:5)
7 creatures vanquished.

Grand Total: 123 creatures vanquished

Notes
Turn   | Place    | Note
-------+----------+-------------------------------------------
     0 | D:1      | mopl the Barachi Summoner began the quest for the Orb.
     0 | D:1      | Reached XP level 1. HP: 13/13 MP: 3/3
   326 | D:1      | Reached skill level 5 in Summonings
   553 | D:1      | Reached XP level 2. HP: 7/19 MP: 1/5
   563 | D:1      | Learned a level 2 spell: Call Imp
  1237 | D:1      | Reached XP level 3. HP: 23/24 MP: 1/7
  1242 | D:1      | Learned a level 3 spell: Call Canine Familiar
  1855 | D:2      | Reached skill level 6 in Summonings
  2099 | D:3      | Reached skill level 3 in Spellcasting
  2099 | D:3      | Reached XP level 4. HP: 30/30 MP: 3/8
  2108 | D:3      | Learned a level 3 spell: Summon Guardian Golem
  2251 | D:3      | Gained mutation: Armour fits poorly on your strangely shaped body. [potion of mutation]
  2251 | D:3      | Gained mutation: You are agile. (Dex +2) [potion of mutation]
  2252 | D:3      | Lost mutation: Armour fits poorly on your strangely shaped body. [potion of mutation]
  2252 | D:3      | Lost mutation: You are agile. (Dex +2) [potion of mutation]
  2252 | D:3      | Gained mutation: You are partially covered in thin metallic scales. (AC +2) [potion of mutation]
  2252 | D:3      | Gained mutation: You expend magic power (3 MP) to strengthen your wands. [potion of mutation]
  2252 | D:3      | Gained mutation: You are mostly covered in thin metallic scales. (AC +3) [potion of mutation]
  2252 | D:3      | Gained mutation: You are partially covered in icy blue scales. (AC +2) [potion of mutation]
  2690 | D:3      | Found a basalt altar of Yredelemnul.
  2774 | D:4      | Noticed Protee's ghost (amateur DDNe)
  2800 | D:4      | Killed Protee's ghost
  2800 | D:4      | Reached XP level 5. HP: 35/35 MP: 3/10
  2868 | D:4      | Noticed a centaur
  2880 | D:4      | Killed a centaur
  2880 | D:4      | Reached skill level 7 in Summonings
  3260 | D:4      | Reached XP level 6. HP: 39/41 MP: 1/11
  3264 | D:4      | Reached skill level 4 in Spellcasting
  3397 | D:4      | Reached skill level 8 in Summonings
  3444 | D:4      | Learned a level 4 spell: Summon Ice Beast
  3482 | D:4      | Found a hazy altar of Hepliaklqana.
  3513 | D:4      | Reached XP level 7. HP: 36/46 MP: 3/13
  3585 | D:4      | Got a polished leather armour
  3596 | D:4      | Identified the +2 leather armour of Bopaf {rPois Dex+6} (You found it on level 4 of the Dungeon)
  3666 | D:4      | Found a shadowy altar of Dithmenos.
  3666 | D:4      | Found a radiant altar of Vehumet.
  3667 | D:4      | Found a sacrificial altar of Ru.
  3679 | D:4      | Found an opulent altar of Gozag.
  3829 | D:5      | Entered Level 5 of the Dungeon
  3905 | D:5      | Reached skill level 1 in Ice Magic
  3920 | D:5      | Found a sand-covered staircase.
  3968 | Ossuary  | Entered an ossuary
  4009 | Ossuary  | Reached skill level 9 in Summonings
  4012 | Ossuary  | Reached skill level 2 in Ice Magic
  4031 | Ossuary  | HP: 2/69 [elf zombie (4)]
  4041 | Ossuary  | Slain by a mummy

Vault maps used:
D:1:      ncdulo_halloftheorcs, st_stairs_5, minmay_misc_feat_cross
D:2:      cheibrodos_old_hovel
D:3:      yredelemnul_forgotten_temple_becter, minivault_14, st_stairs_12
D:4:      cheibrodos_quashed, old_standard_altar,
          nicolae_overflow_quartered_altars, minmay_cupped
D:5:      lemuel_crystal_altar, nicolae_ossuary_entry_plus, first_ration,
          corner_web_ring, xom_confusion_cloud, uniq_pikel
Ossuary:  ossuary_minmay_tomb_2a

Skill      XL: |  1  2  3  4  5  6  7 |
---------------+----------------------+-----
Summonings     | 5 6 7 8 9 |  9.0
Spellcasting   | 3 4 |  4.8
Ice Magic      | 2 |  2.0
Dodging        | |  2.1
Stealth        | |  1.7

Action                   |  1- 3 |  4- 6 |  7- 9 || total
-------------------------+-------+-------+-------++-------
Melee: Unarmed           |   103 |       |       ||   103
       Spear             |     6 |   150 |    70 ||   226
 Cast: Summon Small Mamm |    16 |       |       ||    16
       Call Imp          |    13 |     8 |     3 ||    24
       Call Canine Famil |     5 |    15 |     2 ||    22
       Summon Guardian G |       |     5 |     1 ||     6
       Summon Ice Beast  |       |     1 |     2 ||     3
Evoke: Wand              |       |     1 |       ||     1
  Use: Potion            |       |     4 |     9 ||    13
 Stab: Sleeping          |     3 |       |       ||     3
       Distracted        |     1 |     2 |       ||     3
       Invisible         |       |       |     1 ||     1
  Eat: Chunk             |     6 |     7 |     2 ||    15
Armor: Robe              |    38 |    62 |     5 ||   105
       Skin              |       |     8 |    87 ||    95
       Leather armour    |       |       |    17 ||    17
Dodge: Dodged            |   107 |   126 |    63 ||   296

Table legend:
 A = Spawn XP
 B = Non-spawn XP
 C = Spawn XP percentage of total XP
 D = Spawn monster count
 E = Non-spawn monster count
 F = Spawn count percentage of total count
 G = Total turns spent on level
                    A         B        C        D         E        F      G
               +---------+---------+-------+---------+---------+-------+---------
         Total |       0 |     933 |   0.0 |       0 |     120 |   0.0 |  4041
               +---------+---------+-------+---------+---------+-------+---------
           D:1 |       0 |      41 |   0.0 |       0 |      27 |   0.0 |  1410
           D:2 |       0 |      30 |   0.0 |       0 |      21 |   0.0 |   679
           D:3 |       0 |      64 |   0.0 |       0 |      24 |   0.0 |   742
           D:4 |       0 |     515 |   0.0 |       0 |      32 |   0.0 |   998
           D:5 |       0 |      62 |   0.0 |       0 |       2 |   0.0 |   139
       Ossuary |       0 |     221 |   0.0 |       0 |      14 |   0.0 |    73
               +---------+---------+-------+---------+---------+-------+---------
